 Dungeon Crawl Stone Soup version 0.20-a0-1114-g33edf32 (webtiles) character file.

653 theAP the Cudgeler (level 7, -2/46 HPs)
             Began as a Gargoyle Fighter on May 6, 2017.
             Slain by an ogre
             ... wielding a +0 giant club
              (22 damage)
             ... on level 4 of the Dungeon.
             The game lasted 00:05:02 (2991 turns).

theAP the Cudgeler (Gargoyle Fighter)               Turns: 2991, Time: 00:05:03

Health: -2/46      AC: 13    Str: 22    XL:     7   Next: 54%
Magic:  2/2        EV:  5    Int:  8    God:
Gold:   168        SH:  9    Dex: 14    Spells: 6/6 levels left

rFire    . . .     SeeInvis +   o - +2 whip (antimagic)
rCold    . . .     Gourm    .   c - +0 shield
rNeg     + . .     Faith    .   w - +0 chain mail
rPois    ∞         Spirit   .   (no helmet)
rElec    +         Reflect  .   (no cloak)
rCorr    .         Harm     .   (no gloves)
MR       .....                  (no boots)
Stlth    ..........             (no amulet)
Regen    0.2/turn               y - ring of see invisible
MPRegen  0.1/turn               x - +5 ring of dexterity

@: no status effects
A: negative energy resistance 1, electricity resistance, unbreathing,
petrification resistance, rot immunity, AC +4
a: no special abilities


You were on level 4 of the Dungeon.
You were not hungry.

You visited 1 branch of the dungeon, and saw 4 of its levels.

You collected 168 gold pieces.

Inventory:

Hand Weapons
 a - a +0 flail
 o - a +2 antimagic whip (weapon)
Armour
 b - a +0 scale mail
 c - a +0 shield (worn)
 w - a +0 chain mail (worn)
Jewellery
 r - an uncursed ring of positive energy
 s - an uncursed ring of flight
 x - a +5 ring of dexterity (right hand)
 y - a ring of see invisible (left hand)
Scrolls
 e - 8 scrolls of identify {unknown}
 g - a scroll of enchant weapon {unknown}
 h - a scroll of fog {unknown}
 i - a scroll of noise {unknown}
 k - a scroll of remove curse {unknown}
 l - 3 scrolls of amnesia {unknown}
 n - 2 scrolls of immolation {unknown}
 q - 3 scrolls of enchant armour {unknown}
 t - a scroll of blinking {unknown}
Potions
 d - a potion of might
 j - a potion of haste {unknown}
 m - a potion of flight {unknown}
 u - 4 potions of curing {unknown}
Comestibles
 f - 3 bread rations
 p - 5 royal jellies
 v - 2 meat rations


   Skills:
 + Level 6.0 Fighting
 * Level 6.7 Maces & Flails
 - Level 3.2 Armour
 - Level 3.2 Shields


You had 6 spell levels left.
You didn't know any spells.

Dungeon Overview and Level Annotations

Branches:
Dungeon (4/15)
 Temple: D:4-7

Altars:
Ashenzari
Elyvilon
Hepliaklqana
Qazlal
Sif Muna
Zin


Innate Abilities, Weirdness & Mutations

You are resistant to torment.
Your stone body is resilient. (AC +4)
You are immune to poison.
You resist negative energy. (rN+)
You are resistant to electric shocks. (rElec)
You can survive without breathing.
You are immune to petrification.
You are immune to rotting.


Message History

Your chain mail prevents you from hitting the ogre.
The ogre is heavily wounded.
You hit the ogre.
The ogre is severely wounded.
You block the ogre's attack.
Your shield and chain mail prevent you from hitting the ogre.
The ogre is severely wounded.
You block the ogre's attack.
Your shield and chain mail prevent you from hitting the ogre.
The ogre is severely wounded.
Your chain mail prevents you from hitting the ogre.
The ogre is severely wounded.
The ogre hits you with a giant club!!
You are too injured to fight recklessly!
You are too injured to fight recklessly!
You are too injured to fight recklessly!
You hit the ogre.
The ogre is severely wounded.
The ogre hits you with a giant club!!
You die...

###......#####.# #.###...###.#
##.###..## #.# #...........# ...#
#..# #.# #####...##### ...###..#
#.# ##.###### ###....>#
#.###########.......
######..######..............##.#>
..<..............##########.#
.#####..########.# #.# #.# #..#
#@# #.##.# #.####..# #O# #.##...
#.......# #.# #.##$.. .#####.##
..# #.###.. ######.### ### #[# ##
....##...# #.### ###.##...# #...#
# #.##...#### ###.# ###.........#
#.#


You could see an ogre.

Vanquished Creatures
  Sigmund (D:2)
  2 ogres
  A scorpion (D:3)
  2 hounds (D:4)
  Jessica (D:2)
  A centaur skeleton (D:4)
  A worker ant (D:4)
  7 adders
  An ooze (D:2)
  3 worms (D:2)
  2 dart slugs
  A leopard gecko (D:1)
  2 bats (D:1)
  5 giant cockroaches
  7 goblins
  9 hobgoblins
  14 jackals
  A ball python (D:1)
  7 frilled lizards
  4 kobolds
  7 rats
79 creatures vanquished.

Vanquished Creatures (others)
  A quokka (D:2)
1 creature vanquished.

Grand Total: 80 creatures vanquished

Notes
Turn   | Place    | Note
-------+----------+-------------------------------------------
     0 | D:1      | theAP the Gargoyle Fighter began the quest for the Orb.
     0 | D:1      | Reached XP level 1. HP: 14/14 MP: 1/1
   149 | D:1      | Reached XP level 2. HP: 10/19 MP: 2/2
   557 | D:1      | Reached XP level 3. HP: 16/24 MP: 3/3
   902 | D:2      | Reached XP level 4. HP: 29/29 MP: 1/4
   959 | D:2      | Found a deep blue altar of Sif Muna.
   959 | D:2      | Found a stormy altar of Qazlal.
   960 | D:2      | Found a shattered altar of Ashenzari.
   976 | D:2      | Found a hazy altar of Hepliaklqana.
  1021 | D:2      | Noticed Jessica
  1034 | D:2      | Killed Jessica
  1090 | D:2      | Noticed Sigmund
  1108 | D:2      | Killed Sigmund
  1108 | D:2      | Reached skill level 5 in Fighting
  1108 | D:2      | Reached skill level 5 in Maces & Flails
  1108 | D:2      | Reached XP level 5. HP: 10/35 MP: 1/5
  1108 | D:2      | Reached XP level 6. HP: 11/40 MP: 2/6
  1259 | D:2      | Found a white marble altar of Elyvilon.
  2046 | D:3      | Found a glowing silver altar of Zin.
  2304 | D:4      | Reached XP level 7. HP: 45/45 MP: 2/7
  2991 | D:4      | Slain by an ogre

Vault maps used:
D:1:      elethiomel_arrival_maze
D:2:      nicolae_overflow_quartered_altars, elyvilon_altar_4, uniq_sigmund,
          uniq_jessica
D:3:      zin_statuary, first_bread
D:4:      kennysheep_mini_moat

Skill      XL: |  1  2  3  4  5  6  7 |
---------------+----------------------+-----
Maces & Flails | 3 5 6 |  6.7
Fighting       | 4 5 6 |  6.0
Armour         | |  3.2
Shields        | |  3.2

Action                   |  1- 3 |  4- 6 |  7- 9 || total
-------------------------+-------+-------+-------++-------
Melee: Flail             |   105 |       |       ||   105
       Whip              |    51 |   143 |    85 ||   279
  Eat: Chunk             |       |     3 |     2 ||     5
       Royal jelly       |       |     1 |       ||     1
Armor: Scale mail        |    88 |    40 |       ||   128
       Chain mail        |       |       |    48 ||    48
Dodge: Dodged            |    46 |    20 |    14 ||    80
Block: Shield            |    76 |    52 |    44 ||   172
